 Dungeon Crawl Stone Soup version 0.26.1-2-gb8aa6d0cf2 (console) character file.

Game seed: 4598839919251278506

366 om the Chiller (level 6, -11/48 HPs)
             Began as a Ghoul Ice Elementalist on Feb 23, 2021.
             Mangled by a mummy (13 damage)
             ... in an ossuary.
             The game lasted 00:10:19 (5111 turns).

om the Chiller (Ghoul Ice Elementalist)             Turns: 5111, Time: 00:10:20

Health: -11/48     AC:  2    Str: 12    XL:     6   Next: 68%
Magic:  2/9        EV: 12    Int: 12    God:
Gold:   55         SH:  0    Dex:  9    Spells: 7/11 levels left

rFire    . . .     SeeInvis .     - Unarmed
rCold    + . .     Faith    .   (no shield)
rNeg     + + +     Spirit   .   a - +0 robe
rPois    ∞         Reflect  .   (no helmet)
rElec    .         Harm     .   (no cloak)
rCorr    .         Rampage  .   (no gloves)
Will     .....                  (no boots)
Stlth    ++........             (no amulet)
HPRegen  0.00/turn              (no ring)
MPRegen  0.11/turn              (no ring)

@: no status effects
A: claws 1, cold resistance 1, negative energy resistance 3, inhibited
regeneration, torment resistance, unbreathing
a: no special abilities


You were in an ossuary.
You visited 1 branch of the dungeon, and saw 3 of its levels.
You also visited: Ossuary.

You collected 55 gold pieces.

Inventory:

Armour
 a - a +0 robe (worn)
Scrolls
 b - a scroll of enchant armour
 e - a scroll of magic mapping {unknown}
 f - 2 scrolls of immolation
 i - 2 scrolls of teleportation {unknown}
 j - 2 scrolls of remove curse {unknown}
 k - 2 scrolls of fear {unknown}
Potions
 c - a potion of ambrosia {unknown}
 g - a potion of cancellation
 l - a potion of brilliance {unknown}
 m - a potion of attraction {unknown}


   Skills:
 + Level 2.3 Fighting
 + Level 2.8 Dodging
 - Level 2.1 Stealth
 * Level 3.4 Unarmed Combat
 - Level 3.0 Spellcasting
 * Level 5.7 Ice Magic


You had 7 spell levels left.
You knew the following spells:

 Your Spells              Type           Power        Failure   Level
a - Freeze                Ice            60%          2%          1
b - Frozen Ramparts       Ice            30%          7%          3

Your spell library contained the following spells:

 Spells                   Type           Power        Failure   Level
 Ozocubu's Armour         Ice            15%          7%          3
 Hailstorm                Conj/Ice       8%           58%         4
 Summon Ice Beast         Ice/Summ       8%           58%         4


Dungeon Overview and Level Annotations

Branches:
Dungeon (4/15)            Ossuary (1/1)
 Temple: D:4-7

Altars:


Innate Abilities, Weirdness & Mutations

You thrive by killing the living.
You are immune to poison.
You have sharp fingernails.
Your flesh is cold resistant. (rC+)
You are immune to negative energy. (rN+++)
You do not regenerate when monsters are visible.
You are immune to unholy pain and torment.
You can survive without breathing.


Message History

A goblin comes into view.
The goblin drinks a potion.
The goblin suddenly seems more resistant.
The hiss of flowing sand is almost imperceptible now.
Your magical contamination has completely faded away.
There is a sand-covered staircase here.
The world spins around you as you enter the gateway.
You enter an ossuary! 3 mummies come into view.
Found a gate leading back out of this place.
There is an empty arch of ancient stone here.
Okay, then.
Casting: Frozen Ramparts (dangerous; 7% risk of failure)
Confirm with . or Enter, or press ? or * to list all spells.
You don't have enough magic to cast that spell.
The mummy hits you.
* * * LOW HITPOINT WARNING * * *
The mummy barely misses you.
You closely miss the mummy. The mummy hits you!
You die...

##+##
#...#
#.M@#
#.MM#
#.∩.#
#...#
#.....#
#.#.#.#
#######


You could see 3 mummies.

Vanquished Creatures
  A hound (D:4)
  3 orc wizards (D:4)
  An orc priest (D:4)
  An iguana (D:4)
  A worker ant (D:4)
  Robin (D:4)
  A howler monkey skeleton (D:4)
  4 adders (D:2)
  3 gnolls
  An ooze (D:4)
  3 adder skeletons (D:4)
  A dart slug (D:2)
  2 leopard geckos (D:1)
  5 orcs (D:4)
  A giant cockroach (D:2)
  11 goblins
  5 hobgoblins
  A quokka (D:2)
  2 ball pythons
  7 bats
  6 frilled lizards
  8 kobolds
  7 rats
76 creatures vanquished.

Notes
Turn   | Place    | Note
-------+----------+-------------------------------------------
     0 | D:1      | om the Ghoul Ice Elementalist began the quest for the Orb.
     0 | D:1      | Reached XP level 1. HP: 14/14 MP: 2/2
   484 | D:1      | Reached XP level 2. HP: 10/20 MP: 1/3
  1038 | D:1      | Reached skill level 1 in Unarmed Combat
  1608 | D:1      | Reached XP level 3. HP: 27/27 MP: 5/5
  1612 | D:1      | Learned a level 3 spell: Frozen Ramparts
  2379 | D:2      | Reached skill level 1 in Fighting
  2620 | D:2      | Reached XP level 4. HP: 35/35 MP: 1/6
  3571 | D:2      | HP: 1/35 [gnoll/+0 halberd (17)]
  3574 | D:2      | Reached skill level 5 in Ice Magic
  4393 | D:2      | You fall into a shaft and drop 2 floors!
  4464 | D:4      | Reached XP level 5. HP: 36/40 MP: 0/7
  4466 | D:4      | Noticed Robin
  4684 | D:4      | Killed Robin
  4950 | D:4      | Reached XP level 6. HP: 46/48 MP: 0/9
  5055 | D:4      | Found a sand-covered staircase.
  5101 | Ossuary  | Entered an ossuary
  5110 | Ossuary  | HP: 2/48 [mummy (6)]
  5111 | Ossuary  | Mangled by a mummy

Illustrated notes

Levels and vault maps discovered:
D:1:      lightli_arrival_lavapool, layout_basic
D:2:      layout_basic, supply_closet_lemuel
D:4:      layout_loops_ring, kennysheep_little_box, enter_ossuary_3, uniq_robin
Ossuary:  ossuary_minmay_chase

Skill      XL: |  1  2  3  4  5  6 |
---------------+-------------------+-----
Spellcasting   | 2 3 |  3.0
Unarmed Combat | 1 2 3 |  3.4
Dodging        | 2 |  2.8
Fighting       | 1 2 |  2.3
Ice Magic      | 5 |  5.7
Stealth        | |  2.1

Action                   |  1- 3 |  4- 6 || total
-------------------------+-------+-------++-------
Melee: Unarmed           |   100 |    86 ||   186
 Cast: Freeze            |    25 |    22 ||    47
       Frozen Ramparts   |     1 |    10 ||    11
  Use: Scroll            |     4 |     2 ||     6
       Potion            |       |     1 ||     1
 Stab: Sleeping          |     5 |       ||     5
Armor: Robe              |    18 |     9 ||    27
Dodge: Dodged            |    80 |    67 ||   147
